Unix NetHack Version 5.0.0-0 post-release - last build Jul 14 2026 02:55:29 (1809b74e8187c3a3585e283601c3028b46cbbdcb,branch:main).

Game began 2026-07-14 22:32:19, ended 2026-07-15 23:50:44.

IanCurtis, chaotic male elven Wizard

                     ---------------------------------------           ----
        -------      |....................................*|----      --..|
     ----.--..------ |.------------------#----------------.|-..--   ---...--
  ----.|.......--..--|.|      ............`.............[|.|....--  |......|
---.................||.|            -......-------------.|.......----..<...---
|..[................--.| |          |......|           |[|.|..........|......|
|......................|.|          +`.....|           |.#.|.....------.----.|
---......>.............#.|          |......|           |.|.......--|....|  |.|
  ---.--...............|.--+--- -----......-- --       |[|........||.----  |.--
    ----...............|...................oo..-- --- --.........---.--    |..|
      -................| ..  `...{......%@)%o).........f.|`|....--|...---  |..|
     ...|.--..---..---.|...........--...--f....-- --- --.|(|---.|--.....-- |.-|
  ......|..........--|.| --.------ |.....|.-----       |.|.---|.||.......| |..|
 -..... --.....--....|.|    .      |...`.|.|           |.|....|.|--..|..-- |..|
 |....-  |..--.|-..-.|.|    ..     |..!..|.            |.|.--.|.| -------  ----
 |...-   --. |.|.-.....| |   .|    |.....|.|           |.|.||...|
 |..-      - |......--.|.---------`-------.------      -.|.||..--
 ---         |.........#%%.[/%......`    `.  ...        .|.||...
             -- |...|..----------#------------#-----------$||...|
                --..|-..)...*.[.*...*...................*..|-----
                 -----------------------------------------.-
IanCurtis the Thaumaturge  St:10 Dx:16 Co:16 In:17 Wi:12 Ch:11  Chaotic
Dlvl:7  $:6  HP:0(51) Pw:0(68) AC:7  Xp:7 T:5531  Weak    

Latest messages:
 The orc-captain zaps a wand of striking!
 The wand hits the giant beetle!
 Boing!
 What do you want to zap? [clryzEVW or ?*] ?
 In what direction? l
 The magic missile hits the giant beetle!
 The magic missile hits the orc-captain!
 The magic missile hits the Uruk-hai!
 The Uruk-hai shoots 2 poisoned crude arrows!
 The 1st poisoned crude arrow hits the orc-captain.
 The poison doesn't seem to affect the orc-captain.
 The 2nd poisoned crude arrow misses the orc-captain.
 The 2nd poisoned crude arrow hits the giant beetle!
 The poison doesn't seem to affect the giant beetle.
 The giant beetle is killed!
 The orc-captain throws a knife!
 The knife hits the orc-captain.
 The orc-captain throws a knife!
 The knife hits the orc-captain.
 The large cat picks up an iron skull cap.
 The large cat bites it.
 What do you want to zap? [clryzEVW or ?*] l
 In what direction? l
 The magic missile misses the orc-captain.
 The magic missile hits the orc-captain!
 You kill the Uruk-hai!
 The large cat bites it.
 Your large cat eats a garter snake corpse.
 You see here a giant beetle corpse.
 Haiuhai of Grisagris picks up a burnt crude bow.
 In what direction? l
 The spell hits the orc-captain!
 You kill the orc-captain!
 The spell hits the coyote!
 You kill the coyote!
 There is a giant beetle corpse here; eat it? [ynq] (n) n
 What do you want to eat? [H or ?*] <space>
 Never mind.
 Your large cat eats a hill orc corpse.
 The jaguar hits!
 The jaguar hits again!
 The jaguar bites!
 What do you want to zap? [clryzEVW or ?*] <space>
 Never mind.
 You don't have enough energy to cast that spell.
 You hit the jaguar!
 The jaguar hits!
 The jaguar hits again!
 You die...
 Do you want your possessions identified? [ynq] (y) q

Inventory:
 Coins    ('$')
  $ - 6 gold pieces
 Amulets  ('"')
  F - a cursed amulet of guarding
 Weapons  (')')
  o - the +0 Sting
  a - a blessed +1 quarterstaff (weapon in hands)
 Armor    ('[')
  q - an uncursed +0 orcish helm (being worn)
  I - an uncursed rotted +0 pair of gauntlets of dexterity
  u - a blessed +0 pair of leather gloves (being worn)
  b - an uncursed +0 cloak of magic resistance (being worn)
  G - a cursed +0 cloak of magic resistance
 Comestibles  ('%')
  H - an uncursed tripe ration
 Scrolls  ('?')
  M - a cursed scroll of charging
  N - an uncursed scroll of earth
  p - an uncursed scroll of enchant weapon
  K - a cursed scroll of fire
  i - 4 uncursed scrolls of identify
  j - an uncursed scroll of light
  x - an uncursed scroll of magic mapping
  O - a blessed scroll of remove curse
  J - 4 cursed scrolls of remove curse
  L - 3 uncursed scrolls of teleportation
 Potions  ('!')
  g - an uncursed potion of gain level
  f - 2 uncursed potions of healing
  h - an uncursed potion of sickness
 Rings    ('=')
  w - an uncursed ring of fire resistance
  e - an uncursed ring of free action
  T - a cursed ring of free action
  U - a cursed ring of free action
  S - an uncursed +3 ring of gain strength
  B - an uncursed ring of poison resistance
 Wands    ('/')
  V - a cursed wand of cancellation (0:4)
  r - a wand of create monster (0:13)
  E - a wand of light (0:15)
  W - a cursed wand of light (0:14)
  z - a wand of lightning (0:7)
  c - a wand of locking (0:6)
  l - a wand of magic missile (0:4)
  y - a wand of striking (0:5)
 Tools    ('(')
  s - an uncursed blindfold
  Z - an uncursed blindfold
  m - a magic marker (0:20)
  n - a cursed magic marker (0:22)
  A - an uncursed magic whistle
  C - an uncursed magic whistle
  d - a +0 pick-axe
  Y - an uncursed skeleton key
  X - a cursed tallow candle
 Gems/Stones  ('*')
  D - an uncursed flint stone

IanCurtis the Wizard's attributes:

Background:
 You were a Thaumaturge, a level 7 male elven Wizard.
 You were chaotic, on a mission for Anhur
 who was opposed by Ptah (lawful) and Thoth (neutral).
 You were right-handed.
 You were in the Gnomish Mines, on level 7.
 You entered the dungeon 5531 turns ago.
 It was nighttime.
 There was a new moon in effect when your adventure ended.
 You had 1055 experience points, 225 more were needed to attain level 8.

Basics:
 You had 0 out of 51 hit points.
 You had 0 out of 68 energy points (spell power).
 Your armor class was 7.
 Your wallet contained 6 zorkmids.
 Autopickup was off.

Final Characteristics:
 Your strength was 10 (base:11, limit:18).
 Your dexterity was 16 (limit:18).
 Your constitution was 16 (limit:16).
 Your intelligence was 17 (limit:20).
 Your wisdom was 12 (limit:20).
 Your charisma was 11 (limit:18).

Final Status:
 You were weak from severe hunger.
 You were unencumbered.
 You were wielding a quarterstaff.
 You had basic skill with quarterstaff and could have enhanced that.

Final Attributes:
 You were piously aligned.
 You were magic-protected.
 You were sleep resistant.
 You were poison resistant.
 You were telepathic.
 You had infravision.
 You were warded.
 You are dead.

Miscellaneous:
 You encountered 2 bones levels.
 Total elapsed playing time was 1 hour, 12 minutes and 30 seconds.

Major events:
 Turn
    1: IanCurtis the chaotic male elven Wizard entered the dungeon
  640: read a Discworld novel
  640: attained the rank of Conjurer (level 3)
  996: entered the Gnomish Mines
 2952: attained the rank of Thaumaturge (level 6)
 2956: chose an elven dagger to be named "Sting"
 3945: reached Mine Town
 5531: killed by a jaguar

Spells:
 Name                 Level Category     Fail Retention
 force bolt             1   attack         0%   71%-80%
 sleep                  3   enchantment    0%   71%-80%
 restore ability        4   healing      100%  76%-100%

Skills:
 Fighting Skills
   bare handed combat [Unskilled]
   riding             [Unskilled]
 Weapon Skills
   dagger             [Unskilled]
   knife              [Unskilled]
   axe                [Unskilled]
   short sword        [Unskilled]
   club               [Unskilled]
   mace               [Unskilled]
   quarterstaff       [Basic]
   polearms           [Unskilled]
   spear              [Unskilled]
   trident            [Unskilled]
   sling              [Unskilled]
   dart               [Unskilled]
   shuriken           [Unskilled]
 Spellcasting Skills
   attack spells      [Basic]
   healing spells     [Unskilled]
   divination spells  [Unskilled]
   enchantment spells [Basic]
   clerical spells    [Unskilled]
   escape spells      [Unskilled]
   matter spells      [Unskilled]

Voluntary challenges:
 Character rerolling was not enabled.
 You never genocided any monsters.
 You never polymorphed an object.
 You never changed form.
 You used no wishes.
Achievements:
 You entered a shop.
 You read from a Discworld novel.
 You attained the rank of Conjurer.
 You entered the Gnomish Mines.
 You attained the rank of Thaumaturge.
 You entered Minetown.

 The Dungeons of Doom: levels 1 to 3
    Level 1:
    Level 2:
       A scroll shop, a fountain.
    Level 3:
       Stairs down to The Gnomish Mines.
 The Gnomish Mines: levels 4 to 9
    Level 4:
       A grave.
       Final resting place for
          ghigo-Wiz-Hum-Fem-Neu, killed by an orcish spear.
    Level 5:
    Level 6:
    Level 7: <- You were here.
       An altar, some fountains.
       Final resting place for
          you, killed by a jaguar.
    Level 8:
       Final resting place for
          Jinnora-Wiz-Hum-Fem-Neu, killed by an arrow.
    Level 9:


Vanquished creatures:
  a ghost
  a giant beetle
  a leprechaun
  2 orc-captains
  a lizard
  a mountain nymph
  2 Mordor orcs
  6 Uruk-hai
  2 orc shamans
  a rock mole
  a yellow light
  a shrieker
  9 gnome leaders
  a kobold mummy
  a gray ooze
  2 giant ants
  a floating eye
  a kitten
  6 dwarves
  a kobold shaman
 24 hill orcs
  a giant bat
  a monkey
  3 dwarf zombies
  a werejackal
  2 iguanas
 an acid blob
  2 coyotes
  4 hobbits
  2 manes
  2 large kobolds
  a giant rat
  5 cave spiders
  a brown mold
 19 gnomes
  6 garter snakes
  3 geckos
  5 jackals
  a fox
  2 kobolds
  2 goblins
  5 sewer rats
  3 grid bugs
  5 bats
  2 lichens
  9 newts
154 creatures vanquished.

No species were genocided or became extinct.

Game over:
                       ----------
                      /          \
                     /    REST    \
                    /      IN      \
                   /     PEACE      \
                  /                  \
                  |    IanCurtis     |
                  |       6 Au       |
                  |   killed by a    |
                  |      jaguar      |
                  |                  |
                  |                  |
                  |       2026       |
                 *|     *  *  *      | *
        _________)/\\_//(\/(/\)/\//\/|_)_______

Goodbye IanCurtis the Wizard...

You died in The Gnomish Mines on dungeon level 7 with 4626 points,
and 6 pieces of gold, after 5531 moves.
You were level 7 with a maximum of 51 hit points when you died.

